 Dungeon Crawl Stone Soup version 0.21.1-1-g345015f (webtiles) character file.

92 vatarom the Ducker (level 4, -1/33 HPs)
             Began as a Demonspawn Gladiator on May 9, 2018.
             Slain by a dart slug (3 damage)
             ... on level 3 of the Dungeon.
             The game lasted 00:04:36 (2191 turns).

vatarom the Ducker (Demonspawn Gladiator)           Turns: 2191, Time: 00:04:37

Health: -1/33      AC:  4    Str: 14    XL:     4   Next: 35%
Magic:  0/4        EV: 13    Int: 10    God:
Gold:   124        SH:  0    Dex: 15    Spells: 3/3 levels left

rFire    . . .     SeeInvis .   a - +1 long sword
rCold    . . .     Gourm    .   (no shield)
rNeg     . . .     Faith    .   b - +0 leather armour
rPois    +         Spirit   +   c - +0 helmet
rElec    .         Reflect  .   (no cloak)
rCorr    .         Harm     .   (no gloves)
MR       .....                  (no boots)
Stlth    +.........             (no amulet)
HPRegen  0.11/turn              (no ring)
MPRegen  0.09/turn              m - ring of poison resistance

@: no status effects
A: magic shield
a: no special abilities


You were on level 3 of the Dungeon.
You were not hungry.

You visited 1 branch of the dungeon, and saw 3 of its levels.

You collected 124 gold pieces.

Inventory:

Hand Weapons
 a - a +1 long sword (weapon)
Missiles
 d - 3 throwing nets (quivered)
Armour
 b - a +0 leather armour (worn)
 c - a +0 helmet (worn)
Jewellery
 m - a ring of poison resistance (right hand)
Wands
 n - a wand of flame (24)
Scrolls
 g - 2 scrolls of teleportation
 h - a scroll of enchant armour {unknown}
 i - 2 scrolls of remove curse
 j - 3 scrolls of amnesia
 k - a scroll of magic mapping {unknown}
Comestibles
 f - a ration


   Skills:
 - Level 2.2 Fighting
 + Level 3.7 Long Blades
 - Level 1.7 Throwing
 + Level 3.7 Dodging


You had 3 spell levels left.
You didn't know any spells.

Dungeon Overview and Level Annotations

Branches:
Dungeon (3/15)

Altars:
Kikubaaqudgha


Innate Abilities, Weirdness & Mutations

When hurt, damage is shared between your health and your magic reserves.


Message History

The dart slug bites you but does no damage.
You hit the dart slug.
The dart slug is severely wounded.
The dart slug launches a dart at you. The slug dart misses you.
The dart slug barely misses you. The dart slug launches a dart at you.
The slug dart hits you!
You slash the dart slug!
The dart slug is severely wounded.
The dart slug bites you. The dart slug launches a dart at you.
The slug dart hits you!
* * * LOW HITPOINT WARNING * * *
You hit the dart slug.
You kill the dart slug!
The dart slug launches a dart at you. The slug dart hits you!
* * * LOW HITPOINT WARNING * * *
The dart slug bites you.
You die...

##.≈≈≈#≈≈≈...
##≈≈≈≈#≈≈≈≈≈≈#.#
#≈≈≈≈#≈≈≈≈≈≈≈≈..
.≈≈≈≈≈≈≈≈≈≈≈#≈.#
≈≈#≈≈≈≈≈≈≈≈≈≈≈≈#
≈≈≈≈≈#≈≈≈≈≈!≈≈≈≈
#≈...≈..<≈≈≈.≈≈≈
≈≈?8...<@....≈≈.
≈≈≈.≈≈(.w≈≈?.≈≈≈
≈≈≈≈≈#≈≈≈≈≈≈≈≈≈≈
≈≈≈≈ #≈≈≈≈≈≈≈≈≈#
.≈≈ #≈≈≈≈≈#≈≈.#
#≈ ≈≈≈≈≈≈≈≈w#. #
≈#≈≈#≈#≈w.#
.≈≈≈#≈≈≈.#..


You could see 3 dart slugs.

Vanquished Creatures
  4 gnolls (D:2)
  An adder (D:2)
  3 dart slugs (D:3)
  A leopard gecko (D:2)
  A giant cockroach (D:2)
  3 goblins
  6 hobgoblins
  3 jackals (D:2)
  A ball python (D:2)
  3 bats
  3 frilled lizards
  6 kobolds
  4 rats
39 creatures vanquished.

Vanquished Creatures (others)
  A withered plant (D:2)
1 creature vanquished.

Grand Total: 40 creatures vanquished

Notes
Turn   | Place    | Note
-------+----------+-------------------------------------------
     0 | D:1      | vatarom the Demonspawn Gladiator began the quest for the Orb.
     0 | D:1      | Reached XP level 1. HP: 16/16 MP: 1/1
   595 | D:1      | Gained mutation: When hurt, damage is shared between your health and your magic reserves. [demonic ancestry]
   595 | D:1      | Reached XP level 2. HP: 22/22 MP: 2/2
   787 | D:2      | Found an ancient bone altar of Kikubaaqudgha.
  1109 | D:2      | Reached XP level 3. HP: 26/27 MP: 3/3
  1642 | D:2      | Reached XP level 4. HP: 15/33 MP: 4/4
  2191 | D:3      | Slain by a dart slug

Skill      XL: |  1  2 |
---------------+-------+-----
Dodging        | 3 |  3.7
Long Blades    | 3 |  3.7
Fighting       | |  2.2
Throwing       | |  1.7

Action                   |  1- 3 |  4- 6 || total
-------------------------+-------+-------++-------
Melee: Long sword        |   104 |    14 ||   118
Evoke: Wand              |     4 |     4 ||     8
  Use: Scroll            |     4 |     2 ||     6
       Potion            |     4 |       ||     4
 Stab: Sleeping          |     2 |       ||     2
  Eat: Ration            |     1 |     1 ||     2
Armor: Leather armour    |    25 |     2 ||    27
Dodge: Dodged            |    99 |    10 ||   109
       Rpst.: Long sword |    31 |       ||    31
